 Dungeon Crawl Stone Soup version bcrawl-1.21.2-1-g32d02e0829 (webtiles) character file.

Game seed: 8328085093011621094

78 Revguard the Sneak (level 4, -15/51 HPs)
             Began as a Gnoll Archaeologist on Feb 25, 2020.
             Demolished by Ijyb
             ... wielding a +0 dagger of electrocution
              (19 damage)
             ... on level 3 of the Dungeon.
             The game lasted 00:06:26 (2661 turns).

Revguard the Sneak (Gnoll Archaeologist)            Turns: 2661, Time: 00:06:26

Health: -15/51     AC: 15    Str: 18    XL:     4   Next: 36%
Magic:  5/5        EV: 11    Int: 16    God:
Gold:   138        SH:  0    Dex: 18    Spells: 5/5 levels left

rFire    . . .     SeeInvis .   a - +0 flail
rCold    . . .     Gourm    .   (no shield)
rNeg     . . .     Faith    .   q - +0 chain mail
rPois    .         Spirit   .   c - +1 hat
rElec    .         Reflect  .   (no cloak)
rCorr    .         Harm     .   (no gloves)
MR       +....     Rnd*Tele +   d - +1 pair of boots
Stlth    ..........             (no amulet)
HPRegen  0.17/turn              n - ring of teleportation (curse)
MPRegen  0.09/turn              o - +3 ring of dexterity

@: berserking, very quick
A: distributed training, fangs 1, icy blue scales 1, iridescent scales 1, blurry
vision 1, magic resistance 1, subdued magic 1, strong nose
a: no special abilities


You were on level 3 of the Dungeon.
You were not hungry.

You visited 1 branch of the dungeon, and saw 3 of its levels.

You collected 138 gold pieces.

Inventory:

Hand Weapons
 a - a +0 flail (weapon)
 b - a +2 hand crossbow of flaming
Missiles
 h - 102 bolts
Armour
 c - a +1 hat (worn)
 d - a +1 pair of boots (worn)
 q - a +0 chain mail (worn)
 t - a +1 robe
Jewellery
 n - a cursed ring of teleportation (left hand)
 o - a +3 ring of dexterity (right hand)
Scrolls
 g - a scroll of magic mapping
 k - 2 scrolls of blinking
 p - a scroll of teleportation
 r - a scroll of enchant weapon {unknown}
 w - a scroll of immolation {unknown}
Potions
 j - 2 potions of mutation
 s - a potion of agility {unknown}
Miscellaneous
 f - a dusty tome
Comestibles
 e - 8 rations {!d}
 v - 6 chunks of flesh


   Skills:
 + Level 2.7 Fighting
 + Level 1.1 Short Blades
 + Level 1.1 Long Blades
 + Level 1.1 Axes
 + Level 2.7 Maces & Flails
 + Level 1.1 Polearms
 + Level 1.1 Staves
 + Level 1.1 Slings
 + Level 1.1 Bows
 + Level 1.1 Crossbows
 + Level 1.1 Throwing
 + Level 1.1 Armour
 + Level 6.6 Dodging
 + Level 6.6 Stealth
 + Level 1.1 Shields
 + Level 1.1 Unarmed Combat
 + Level 1.1 Spellcasting
 + Level 0.8 Conjurations
 + Level 0.8 Hexes
 + Level 0.8 Charms
 + Level 0.8 Summonings
 + Level 0.8 Necromancy
 + Level 0.8 Translocations
 + Level 0.8 Transmutations
 + Level 0.8 Fire Magic
 + Level 0.8 Ice Magic
 + Level 0.8 Air Magic
 + Level 0.8 Earth Magic
 + Level 0.8 Poison Magic
 + Level 1.2 Invocations
 + Level 1.1 Evocations


You had 5 spell levels left.
You didn't know any spells.
Your spell library was empty.

Dungeon Overview and Level Annotations

Branches:
Dungeon (3/12)

Altars:
Uskayaw

Annotations:
D:3 Ijyb


Innate Abilities, Weirdness & Mutations

Your experience applies equally to all skills.
You have very sharp teeth.
Your uncanny sense of smell can sniff out nearby items.
You are partially covered in icy blue scales. (AC +2)
You are partially covered in iridescent scales. (AC +2)
Scrolls take you a little longer to read.
You are resistant to hostile enchantments. (MR+)
Your spells are a little easier to cast, but a little less powerful.


Message History

The orc barely misses you. Ijyb screams, "I dance on your bones!"
Ijyb barely misses you.
You hit Ijyb but do no damage. You bite Ijyb, but do no damage.
Ijyb is severely wounded.
The orc hits you but does no damage. Ijyb hits you but does no damage.
You are electrocuted!
* * * LOW HITPOINT WARNING * * *
The orc hits you but does no damage.
A red film seems to cover your vision as you go berserk!
You feel yourself moving faster!
You feel mighty!
Ijyb zaps a wand.
You resist with almost no effort. The orc hits you but does no damage.
You closely miss Ijyb.
Ijyb is severely wounded.
Ijyb closely misses you. The orc hits you but does no damage.
Your chain mail prevents you from hitting Ijyb.
You bite Ijyb!
Ijyb is almost dead.
Ijyb hits you but does no damage.
You are electrocuted!!
You die...

#### #.# #.# #.#
#.# #.#
#.###############
#
#.##.....@o.....#
###
##.##.###.#g.###.#
..#####...#.#
#.#..#
............#
#.#...# ####
..#####...###
#.#.#.# #... ###
##.## #.#.#.# #.##
# #.# #.#.#.# #.#
#.# #...... #.##
## #+# #.# #.##


You could see Ijyb and an orc.

Vanquished Creatures
  2 adders
  An adder skeleton (D:3)
  3 worms
  2 leopard geckos
  5 orcs
  A ball python (D:1)
  5 bats
  4 goblins
  7 hobgoblins
  6 kobolds
  A quokka (D:3)
  2 frilled lizards
  A rat (D:1)
40 creatures vanquished.

Notes
Turn   | Place    | Note
-------+----------+-------------------------------------------
     0 | D:1      | Revguard the Gnoll Archaeologist began the quest for the
                  | Orb.
     0 | D:1      | Reached XP level 1. HP: 17/17 MP: 1/1
   275 | D:1      | Reached XP level 2. HP: 9/23 MP: 2/2
   730 | D:1      | Gained mutation: Your spells are a little easier to cast,
                  | but a little less powerful. [potion of mutation]
   730 | D:1      | Gained mutation: You are weak. (Str -2) [potion of
                  | mutation]
   730 | D:1      | Gained mutation: You are partially covered in iridescent
                  | scales. (AC +2) [potion of mutation]
   731 | D:1      | Lost mutation: Your spells are a little easier to cast, but
                  | a little less powerful. [potion of mutation]
   731 | D:1      | Lost mutation: You are weak. (Str -2) [potion of mutation]
   731 | D:1      | Gained mutation: You are resistant to hostile enchantments.
                  | (MR+) [potion of mutation]
   731 | D:1      | Gained mutation: Scrolls take you a little longer to read.
                  | [potion of mutation]
   731 | D:1      | Gained mutation: Your spells are a little easier to cast,
                  | but a little less powerful. [potion of mutation]
   731 | D:1      | Gained mutation: You are partially covered in icy blue
                  | scales. (AC +2) [potion of mutation]
  1108 | D:2      | Reached XP level 3. HP: 28/28 MP: 3/3
  1451 | D:2      | Found a hide-covered altar of Uskayaw.
  1455 | D:2      | Reached skill level 1 in Invocations
  2014 | D:3      | Reached skill level 1 in Short Blades
  2014 | D:3      | Reached skill level 1 in Long Blades
  2014 | D:3      | Reached skill level 1 in Axes
  2014 | D:3      | Reached skill level 1 in Polearms
  2014 | D:3      | Reached skill level 1 in Staves
  2014 | D:3      | Reached skill level 1 in Slings
  2014 | D:3      | Reached skill level 1 in Bows
  2014 | D:3      | Reached skill level 1 in Crossbows
  2014 | D:3      | Reached skill level 1 in Throwing
  2014 | D:3      | Reached skill level 1 in Armour
  2014 | D:3      | Reached skill level 1 in Shields
  2014 | D:3      | Reached skill level 1 in Unarmed Combat
  2014 | D:3      | Reached skill level 1 in Spellcasting
  2014 | D:3      | Reached skill level 1 in Evocations
  2014 | D:3      | Reached XP level 4. HP: 34/34 MP: 5/5
  2646 | D:3      | Noticed Ijyb
  2661 | D:3      | Demolished by Ijyb

Skill      XL: |  1  2  3 |
---------------+----------+-----
Invocations    | 1 |  1.2
Short Blades   | 1 |  1.1
Long Blades    | 1 |  1.1
Axes           | 1 |  1.1
Polearms       | 1 |  1.1
Staves         | 1 |  1.1
Slings         | 1 |  1.1
Bows           | 1 |  1.1
Crossbows      | 1 |  1.1
Throwing       | 1 |  1.1
Armour         | 1 |  1.1
Shields        | 1 |  1.1
Unarmed Combat | 1 |  1.1
Spellcasting   | 1 |  1.1
Evocations     | 1 |  1.1
Fighting       | |  2.7
Maces & Flails | |  2.7
Dodging        | |  6.6
Stealth        | |  6.6
Conjurations   | |  0.8
Hexes          | |  0.8
Charms         | |  0.8
Summonings     | |  0.8
Necromancy     | |  0.8
Translocations | |  0.8
Transmutations | |  0.8
Fire Magic     | |  0.8
Ice Magic      | |  0.8
Air Magic      | |  0.8
Earth Magic    | |  0.8
Poison Magic   | |  0.8

Action                   |  1- 3 |  4- 6 || total
-------------------------+-------+-------++-------
Melee: Whip              |    16 |       ||    16
       Short sword       |    31 |       ||    31
       Bite              |    13 |     5 ||    18
       Mace              |    57 |    27 ||    84
       Punch             |     1 |       ||     1
       Flail             |       |    10 ||    10
 Fire: Hand crossbow     |       |    12 ||    12
  Use: Scroll            |     4 |     1 ||     5
       Potion            |     2 |     1 ||     3
 Stab: Sleeping          |     5 |       ||     5
  Eat: Chunk             |     3 |     3 ||     6
Armor: Robe              |    13 |       ||    13
       Chain mail        |    36 |    37 ||    73
Dodge: Dodged            |    57 |    23 ||    80
